 Dungeon Crawl Stone Soup version 0.30-a0-883-g5ad918d77d (webtiles) character file.

Game seed: 12426127815107017058

236 FexLirch the Shield-Bearer (level 5, -2/72 HPs)
             Began as a Minotaur Fighter on Mar 17, 2023.
             Slain by a water moccasin (8 damage)
             ... on level 4 of the Dungeon.
             The game lasted 00:08:37 (2010 turns).

FexLirch the Shield-Bearer (Minotaur Fighter)       Turns: 2010, Time: 00:08:38

Health: -2/72      AC:  7    Str: 23    XL:     5   Next: 77%
Magic:  4/4        EV:  9    Int:  5    God:
Gold:   43         SH:  4    Dex:  9    Spells: 4/4 levels left

rFire   . . .      SeeInvis .    a - +0 war axe (heavy)
rCold   . . .      Faith    .    c - +0 buckler
rNeg    . . .      Spirit   .    b - +0 scale mail
rPois   .          Reflect  .    (helmet restricted)
rElec   .          Rampage  .    (no cloak)
rCorr   .                        (no gloves)
Will    .....                    (no boots) Stlth
                                 j - amulet of the acrobat
HPRegen 0.32/turn                (no ring)
MPRegen 0.09/turn                (no ring)

@: berserking, lethally poisoned (-2 -> -23), very quick
A: horns 2, retaliatory headbutt
a: no special abilities


You were on level 4 of the Dungeon.
You visited 1 branch of the dungeon, and saw 4 of its levels.

You collected 118 gold pieces.
You spent 75 gold pieces at shops.

Inventory:

Hand Weapons
 a - a +0 heavy war axe (weapon)
 r - a +1 war axe of distortion
Missiles
 f - 55 stones (quivered)
 h - 7 boomerangs
Armour
 b - a +0 scale mail (worn)
 c - a +0 buckler (worn)
Magical Staves
 k - a staff of earth
Jewellery
 j - an amulet of the acrobat (around neck)
Scrolls
 e - a scroll of magic mapping {unknown}
 g - a scroll of noise {unknown}
 i - a scroll of vulnerability {unknown}
 m - a scroll of enchant weapon {unknown}
 n - 2 scrolls of teleportation {unknown}
 o - 3 scrolls of identify {unknown}
 p - a scroll of blinking
 q - a scroll of fog {unknown}
Potions
 d - a potion of might


   Skills:
 + Level 5.0 Fighting
 + Level 4.1 Axes
 + Level 5.0 Armour
 + Level 5.0 Shields


You had 4 spell levels left.
You didn't know any spells.
Your spell library contained the following spells:

 Spells                   Type           Power      Damage    Failure   Level
 Beastly Appendage        Tmut           0%         N/A       86%         1
 Freeze                   Ice            0%         1d3       86%         1
 Ensorcelled Hibernation  Hex/Ice        0%         N/A       94%         2
 Wereblood                Tmut           0%         N/A       94%         2
 Frozen Ramparts          Ice            0%         1d1       99%         3
 Gell's Gravitas          Tloc           0%         N/A       99%         3
 Hailstorm                Conj/Ice       0%         3d3       99%         3
 Spider Form              Tmut/Pois      0%         N/A       99%         3
 Teleport Other           Tloc           0%         N/A       99%         3
 Anguish                  Hex/Necr       0%         N/A       100%        4
 Dispersal                Tloc           0%         N/A       100%        6


Dungeon Overview and Level Annotations

Branches:
Dungeon (4/15)
 Temple: D:4-7

Altars:
Nemelex Xobeh
Qazlal
Wu Jian
The Shining One

Shops:
D:3 ?


Innate Abilities, Weirdness & Mutations

You have a pair of horns on your head.
You reflexively headbutt those who attack you in melee.


Message History

You closely miss the water moccasin.
You feel very sick.
The water moccasin bites you but does no damage.
The ball python bites you but does no damage.
The ball python constricts you.
The ball python bites you but does no damage.
The ball python constricts you.
The water moccasin bites you but does no damage.
The water moccasin barely misses you. You furiously retaliate!
You headbutt the water moccasin!
The ball python bites you but does no damage.
The ball python constricts you.
There are monsters nearby!
You are too injured to fight recklessly!
You closely miss the water moccasin.
Your headbutt misses the water moccasin.
The water moccasin is moderately wounded.
You hit the ball python.
You kill the ball python!
You feel very sick. The water moccasin bites you.
You are more poisoned.
The water moccasin poisons you!
The water moccasin bites you but does no damage.
You block the goblin's attack. The water moccasin bites you.
* * * LOW HITPOINT WARNING * * *
You are more poisoned.
The water moccasin poisons you!
It was a potion of cancellation.
You feel magically purged.
* * * LOW HITPOINT WARNING * * *
You feel extremely sick. You block the goblin's attack.
The water moccasin closely misses you. You furiously retaliate!
You headbutt the water moccasin!
It was a potion of berserk rage.
A red film seems to cover your vision as you go berserk!
You feel yourself moving faster!
You feel mighty!
* * * LOW HITPOINT WARNING * * *
You feel very sick. The water moccasin bites you!
You die...

.. .. . . .##.# # ..
.... # # #.#..$ .##.
### ...!. #... ...
#..s ... # ###
#.#.#g##.#.##. ##.
#....S@....... #..
#.#.##.###.##.#### ##.
.................. ##
.#.##.###.####..# #.#
# .##.###.####..#♣ ♣.♣
#
.............#.....###
.#######..#### ♣.♣.♣#.
#..# ...#.) #..##
##♣#♣.♣.)


You could see a water moccasin, a scorpion and a goblin.

Vanquished Creatures
  A scorpion (D:4)
  An orc wizard (D:4)
  3 gnolls (D:2)
  3 adders
  An ufetubus (D:4)
  A worm (D:3)
  4 dart slugs
  7 orcs
  5 bats
  4 endoplasms
  A giant cockroach (D:1)
  6 goblins
  7 hobgoblins
  2 jackals (D:2)
  5 kobolds
  4 quokkas
  6 ball pythons
  5 frilled lizards
  5 rats
71 creatures vanquished.

Notes
Turn   | Place    | Note
-------+----------+-------------------------------------------
     0 | D:1      | FexLirch the Minotaur Fighter began the quest for the Orb.
     0 | D:1      | Reached XP level 1. HP: 19/19 MP: 0/0
   140 | D:2      | Reached XP level 2. HP: 22/27 MP: 1/1
   287 | D:1      | Reached XP level 3. HP: 33/33 MP: 2/2
   821 | D:2      | Reached XP level 4. HP: 12/40 MP: 3/3
  1380 | D:3      | Found Inkeogh's Magic Scroll Emporium.
  1389 | D:3      | Bought a scroll of blinking for 75 gold pieces
  1411 | D:3      | Found an ornate altar of the Wu Jian Council.
  1533 | D:3      | Found a stormy altar of Qazlal.
  1609 | D:3      | Found a faded altar of an unknown god.
  1695 | D:3      | Found a glowing golden altar of the Shining One.
  1749 | D:3      | Found a sparkling altar of Nemelex Xobeh.
  1955 | D:4      | Reached XP level 5. HP: 47/47 MP: 4/4
  1983 | D:4      | Reached skill level 5 in Fighting
  1983 | D:4      | Reached skill level 5 in Armour
  1983 | D:4      | Reached skill level 5 in Shields
  2001 | D:4      | Noticed a water moccasin
  2010 | D:4      | Slain by a water moccasin

Illustrated notes

Levels and vault maps discovered:
D:1:      amcnicky_arrival_wind_blow, layout_loops_ring, st_stairs_13,
          chequers_serial_rivers_small_3
D:2:      layout_basic, minmay_circle_x
D:3:      layout_rooms, lemuel_tele_altar, nicolae_overflow_hidden_temple,
          marbit_many_paths, serial_shops, nicolae_shop_stone,
          ebering_ecumenical_altar_ruins
D:4:      layout_loops_corners, minmay_temple_entry_fiery, serial_forest,
          infiniplex_forest_pool, infiniplex_forest_clump_curved,
          infiniplex_forest_clump_small, infiniplex_forest_lined_3,
          infiniplex_forest_clump_large, infiniplex_forest_lined_4_way,
          infiniplex_forest_lined_room_, grunt_decor_one_mirror,
          minmay_diced_spiral, uniq_grinder, uniq_menkaure

Skill      XL: |  1  2  3  4  5 |
---------------+----------------+-----
Fighting       | 4 5 |  5.0
Armour         | 4 5 |  5.0
Shields        | 4 5 |  5.0
Axes           | 3 4 |  4.1

Action                     |  1- 3 |  4- 6 || total
---------------------------+-------+-------++-------
  Melee: War axe           |    62 |    63 ||   125
         Headbutt          |     7 |     9 ||    16
    Use: Scroll            |       |     3 ||     3
         Potion            |       |     3 ||     3
 Armour: Scale mail        |    44 |    39 ||    83
         Skin              |       |     5 ||     5
  Dodge: Dodged            |    35 |    53 ||    88
  Block: Buckler           |    18 |    22 ||    40

Table legend: (Time is in decaauts)
 A = Elapsed time spent in this place.
 B = Non-inter-level travel time spent in this place.
 C = Inter-level travel time spent in this place.
 D = Time resting spent in this place.
 E = Time spent auto-exploring this place.
 F = Levels seen in this place.
 G = Mean time per level.
                   A        B        C        D        E       F      G
               +--------+--------+--------+--------+--------+-----+--------+
         Total |   2100 |   1269 |    831 |    124 |    611 |   4 |  525.0 |
       Dungeon |   2100 |   1269 |    831 |    124 |    611 |   4 |  525.0 |
               +--------+--------+--------+--------+--------+-----+--------+

Top non-repeatable levels by time:
     D:1: 685 daAuts
     D:2: 683 daAuts
     D:3: 635 daAuts
     D:4: 96 daAuts
